[Event "44th Chess Olympiad Women 2022"]
[Site "Chennai"]
[Date "2022.07.30"]
[Round "2.16"]
[White "Nandhidhaa, P V"]
[Black "Hng, Mei-En Emmanuelle"]
[Result "1-0"]
[ECO "B07"]
[WhiteElo "2312"]
[BlackElo "1997"]
[Annotator "TA"]
[PlyCount "67"]
[EventDate "2022.07.29"]
[EventType "team-tourn"]
[EventCountry "IND"]
[SourceTitle "playchess.com"]
[Source "ChessBase"]
[SourceQuality "1"]
[WhiteTeam "India"]
[BlackTeam "SGP"]
[WhiteTeamCountry "IND"]
[TimeControl "40/5400+30:1800+30"]

1. e4 d6 2. d4 Nf6 3. Nc3 g6 4. Be3 Bg7 5. Qd2 a6 6. Bh6 {[%emt 0:01:25] B07: Pirc Defence: Miscellaneous Systems.} Bxh6 7. Qxh6 Nc6 {[%emt 0:02:17] Against e5} 8. O-O-O {[%emt 0:02:16][%cal Oe4e5] White is slightly better.} e5 9. dxe5 Nxe5 {[%emt 0:03:44] [#]} 10. h3 $1 Be6 11. f4 {[%emt 0:07:02] [#]} Nc6 $146 {[%emt 0:03:26] [#]} ({Predecessor:} 11... Ned7 12. f5 gxf5 13. exf5 Bxf5 14. g4 Bg6 15. Bg2 Nc5 16. Nge2 Qe7 17. Nd4 O-O-O {1-0 (27) Polevoy,N (2109)-Smyth,P (1991) IECG email 2003}) 12. e5 $1 Nh5 {[%emt 0:05:22] Against Qg7} (12... Nd7 $16) 13. Nge2 {[%emt 0:11:54] aiming for g4.} Ne7 14. g4 {[%emt 0:03:48] Prevents Nf5. And now f5 would win.} Ng8 15. Qg5 Ng7 16. exd6 {[%emt 0:03:18] White is more active.} cxd6 17. Qxd8+ ({White should try} 17. Bg2) 17... Rxd8 18. Bg2 b5 19. Rhe1 (19. Bb7 $142) 19... Ne7 20. Ne4 Nc8 {[%emt 0:06:34] Loses the game.} (20... d5 $16) 21. Nd4 $18 {[%emt 0:00:46][%cal Of4f5] Threatens to win with f5!} Na7 $2 (21... Kf8 {is tougher.} 22. Ng5 Rd7 23. Ndxe6+ (23. Ngxe6+ Nxe6 24. Nxe6+ fxe6 $18) 23... Nxe6) 22. f5 gxf5 23. gxf5 Bc8 24. Nxd6+ Kf8 25. Nxc8 Nxc8 26. f6 Ne8 {[%emt 0:02:23] [#]} 27. Ne6+ $1 fxe6 28. Rxd8 {[%emt 0:00:04] Black must now prevent Bd5.} Ncd6 29. Rxe6 {[%emt 0:00:19] White mates.} Rg8 30. Rexd6 Rxg2 31. Re6 Rg1+ 32. Kd2 Rg2+ 33. Kd3 Rg3+ 34. Kd4 {[%emt 0:00:23] Weighted Error Value: White=0.05 (flawless) /Black=0.51} 1-0

[Event "44th Chess Olympiad Women 2022"]
[Site "Chennai"]
[Date "2022.07.30"]
[Round "2.16"]
[White "Liu, Yang Hazel"]
[Black "Pratyusha, Bodda"]
[Result "1/2-1/2"]
[ECO "D02"]
[WhiteElo "2046"]
[BlackElo "2310"]
[Annotator "TA"]
[PlyCount "84"]
[EventDate "2022.07.29"]
[EventType "team-tourn"]
[EventCountry "IND"]
[SourceTitle "playchess.com"]
[Source "ChessBase"]
[SourceQuality "1"]
[WhiteTeam "SGP"]
[BlackTeam "India"]
[BlackTeamCountry "IND"]
[TimeControl "40/5400+30:1800+30"]

1. d4 d5 2. Nf3 Nf6 3. Bf4 c5 4. e3 Nc6 5. Nbd2 cxd4 6. exd4 {[%emt 0:02:39] D02: 1 d4 d5 2 Nf3 sidelines, including 2...Nf6 3 g3 and 2...Nf6 3 Bf4.} Qb6 7. Nb3 Bg4 {[%emt 0:01:22] 7...Bf5 might become the main line.} 8. Be2 e6 9. h3 Bh5 10. O-O Be7 11. c3 O-O 12. Ne5 Bxe2 13. Qxe2 Nxe5 14. Bxe5 (14. dxe5 {is interesting.} Ne4 15. Rfd1 Rfc8 16. Rac1) 14... Nd7 15. Bg3 a5 16. Nc1 {[%emt 0:01:57] [#]} a4 $146 ({Predecessor:} 16... Qa6 17. a4 Qxe2 18. Nxe2 Rfc8 19. Nc1 Nb6 20. Ne2 Rc4 21. b3 Rc6 22. Bf4 Rac8 {½-½ (33) Karjakin,S (2757)-Potkin,V (2571) Moscow 2021}) 17. Nd3 a3 18. b3 Rfc8 19. Rac1 Rc6 20. Rc2 Rac8 21. Rfc1 Qa6 22. Nf4 (22. Bf4 $11) 22... Qxe2 $15 23. Nxe2 b5 24. Kf1 b4 (24... g5 $17) 25. c4 (25. Ke1 $11) 25... dxc4 $1 26. bxc4 Nb6 ({Black should try} 26... f5) 27. c5 $11 Nd5 (27... Na4 $1 $14) 28. Nf4 $16 {[%emt 0:03:29] Strongly threatening Nxd5.} Bf6 29. Nxd5 exd5 30. Rd2 Bg5 31. f4 Bd8 {[%emt 0:00:06] [#]} 32. Rb1 $1 Ba5 33. Re2 Kf8 (33... Re6 $16) 34. Be1 (34. f5 $18 {and White stays clearly on top.}) 34... Rb8 35. Re3 (35. f5 $16) 35... Re6 $14 36. Rxe6 fxe6 {[%emt 0:00:04][%mdl 4096] Endgame KRB-KRB} 37. Rb3 Ke7 38. Bd2 Kd7 39. Bc1 Rf8 40. Bd2 Rb8 41. Bc1 Rf8 42. Bd2 Rb8 {[%emt 0:01:03] Weighted Error Value: White=0.14 (very precise) /Black=0.11 (very precise)} 1/2-1/2

[Event "44th Chess Olympiad Women 2022"]
[Site "Chennai"]
[Date "2022.07.30"]
[Round "2.17"]
[White "Guo, Yu Han"]
[Black "Ratsma, Rosa"]
[Result "0-1"]
[ECO "E70"]
[WhiteElo "1630"]
[BlackElo "2226"]
[Annotator "TA"]
[PlyCount "84"]
[EventDate "2022.07.29"]
[EventType "team-tourn"]
[EventCountry "IND"]
[SourceTitle "playchess.com"]
[Source "ChessBase"]
[SourceQuality "1"]
[WhiteTeam "Canada"]
[BlackTeam "Netherlands"]
[WhiteTeamCountry "CAN"]
[BlackTeamCountry "NED"]
[TimeControl "40/5400+30:1800+30"]

1. d4 Nf6 2. c4 g6 3. Nc3 Bg7 4. e4 d6 5. Nge2 O-O 6. Ng3 h5 7. h4 {E70: King's Indian: Miscellaneous lines with 4 e4, including 5 Nge2 and 5 Bd3 0-0 6 Nge2.} a6 8. Be2 {[%emt 0:00:44] [#]} b5 $146 ({Predecessor:} 8... c5 9. d5 b5 10. cxb5 axb5 11. Nxb5 Ba6 12. a4 Ne8 13. Ra3 Nc7 14. O-O Nd7 {1-0 (48) Cuenca Jimenez,J (2506)-Del Rio de Angelis,S (2525) Linares 2018}) 9. cxb5 {[%emt 0:02:35] The position is equal.} axb5 10. Bxb5 c6 11. Be2 Qb6 $1 12. O-O Ng4 13. Bxg4 Bxg4 14. Nce2 (14. Nge2 $11) 14... c5 $15 {[%emt 0:03:57][%cal Rc5d4] Black is more active.} 15. Qd3 (15. d5 $15) 15... cxd4 $19 16. Nf4 Nc6 17. Nd5 Qa7 18. Bg5 Ne5 ({Black should play} 18... Be6 $19 19. Qb5 Bxd5 20. Qxd5 Rfc8) 19. Qd2 $17 f6 $36 {[%emt 0:08:07][%mdl 2048] Black has strong initiative.} 20. Bh6 {[%emt 0:04:05] [#]} Nc4 $1 21. Qc1 (21. Qc2 $17 {is a better defense.} Rfc8 22. Bxg7 Kxg7 23. Rfc1) 21... Rfc8 $19 22. Bxg7 Kxg7 23. Qe1 d3 24. b3 (24. a4 {was called for.}) 24... d2 25. Qb1 d1=Q (25... Qd4 $19 {Strongly threatening ...Na3.} 26. a4 (26. bxc4 $2 Rab8 $19) 26... Nb2) 26. Rxd1 $17 Bxd1 27. Qxd1 Ne5 28. Ne2 $2 {[%emt 0:02:54] [#]} (28. Nf1 $17) 28... Ng4 $1 $19 29. Qd4 (29. Qf1 $142) 29... Qxd4 {[%emt 0:01:24] Black is clearly winning.} 30. Nxd4 {[%emt 0:00:05] [#]} Rxa2 31. Rb1 (31. Rf1 Kf7) 31... Rb2 32. Ra1 Ra8 33. Rc1 (33. Rf1 $142) 33... Rxf2 {[%emt 0:01:55] And now ...Raa2 would win.} 34. Nc3 Rd2 35. Ne6+ Kf7 36. Nc7 {[%emt 0:01:01] [#]} Rc2 $3 37. Rb1 (37. Re1 Ra3) 37... Ra3 {[%emt 0:02:19][%cal Oa3b3] ( -> ...Rxb3!)} 38. N7d5 {[%emt 0:02:42] [#]} Rxb3 $3 39. Ra1 (39. g3 Rxb1+) 39... Rbxc3 40. Nxc3 Rxc3 41. Kf1 Rc4 42. Re1 Ke6 {[%emt 0:00:13] Weighted Error Value: White=0.87/Black=0.27 (precise)} 0-1

[Event "44th Chess Olympiad Women 2022"]
[Site "Chennai"]
[Date "2022.07.30"]
[Round "2.18"]
[White "Eric, Jovana"]
[Black "Morales Flores, Monserrat"]
[Result "1-0"]
[ECO "B43"]
[WhiteElo "2271"]
[BlackElo "1946"]
[Annotator "TA"]
[PlyCount "55"]
[EventDate "2022.07.29"]
[EventType "team-tourn"]
[EventCountry "IND"]
[SourceTitle "playchess.com"]
[Source "ChessBase"]
[SourceQuality "1"]
[WhiteTeam "Serbia"]
[BlackTeam "Chile"]
[WhiteTeamCountry "SRB"]
[BlackTeamCountry "CHI"]
[TimeControl "40/5400+30:1800+30"]

1. e4 c5 2. Nf3 e6 3. d4 cxd4 4. Nxd4 a6 5. Nc3 b5 6. Bd3 Qc7 7. O-O Bb7 8. Qe2 Nf6 9. Bd2 {[%emt 0:06:58] B43: Sicilian: Kan Variation: 5 Nc3.} Nc6 10. Nxc6 Bxc6 11. Bg5 {[%emt 0:08:01] [#] White is slightly better.} (11. e5 $5 Nd5 12. Nxd5 Bxd5 13. a4 $14) 11... Qe5 $146 ({Predecessor:} 11... Bd6 12. Kh1 {½-½ (12) Folk,P (2246)-Chloupek,S (2360) Czech Republic 2000}) 12. f4 Qc5+ 13. Kh1 Be7 14. e5 Nd5 15. Ne4 $36 {[%emt 0:03:18][%cal Bc3e4,Be4d6,Bd6f7,Bf7d6,Bd6e8][%mdl 2080] White is in control.} Qe3 (15... Qb6 $142) 16. Qh5 $16 {[%emt 0:01:19] Black must now prevent Bxe7.} g6 {[%emt 0:17:25] [#]} 17. Qh4 {[%emt 0:02:46] Hoping for Bxe7.} Bxg5 18. Nd6+ (18. Nxg5 $6 Qd4 $16) (18. Qxg5 h6 19. Qh4 Kf8 $16) 18... Kd8 19. fxg5 {[%emt 0:04:42] Threatens to win with Rf3.} (19. Qxg5+ $6 Kc7 $14) 19... Kc7 20. Rae1 (20. Rxf7 Qxe5 21. Ne4 Raf8 $17) (20. Nxf7 Rhf8 $16) 20... Qc5 21. Qg3 {[%emt 0:01:41] 0x0.002364072999dp-1022s more active pieces.} (21. Rxf7 $6 Raf8 $14) (21. Nxf7 Ne3 22. Rxe3 Qxe3 $16) 21... Raf8 (21... Ne7 $16 22. c4 (22. Rxf7 Nf5 $16) 22... Nf5 23. Bxf5 gxf5) 22. Nxf7 ({Inferior is} 22. Rxf7 Rxf7 23. Nxf7 Rf8 $11) 22... Rhg8 23. Be4 ({White should play} 23. c3 $18) 23... Rg7 (23... Ne7 $16 {was called for.}) 24. Nd6 $18 Rxf1+ 25. Rxf1 Ne3 $2 {[%emt 0:00:26][%mdl 8192] [#]} (25... Rg8 $16 26. Bxd5 Qxd5) 26. Re1 {[%emt 0:00:35] White is clearly winning.} ({Not} 26. Rf8 Kb6 $16) 26... Nf5 27. Bxf5 gxf5 28. Ne8+ {[%emt 0:00:05] Weighted Error Value: White=0.12 (very precise) /Black=0.57} 1-0

[Event "44th Chess Olympiad Women 2022"]
[Site "Chennai"]
[Date "2022.07.30"]
[Round "2.18"]
[White "Gajcin, Marina"]
[Black "Sanchez Tobar, Francisca Valenti"]
[Result "1-0"]
[ECO "C54"]
[WhiteElo "2271"]
[BlackElo "1839"]
[Annotator "TA"]
[PlyCount "67"]
[EventDate "2022.07.29"]
[EventType "team-tourn"]
[EventCountry "IND"]
[SourceTitle "playchess.com"]
[Source "ChessBase"]
[SourceQuality "1"]
[WhiteTeam "Serbia"]
[BlackTeam "Chile"]
[WhiteTeamCountry "SRB"]
[BlackTeamCountry "CHI"]
[TimeControl "40/5400+30:1800+30"]

1. e4 e5 2. Nf3 Nc6 3. Bc4 Bc5 4. c3 Nf6 5. d3 d6 6. Nbd2 a6 7. Bb3 h6 {[%emt 0:01:48] C54: Giuoco Piano: 4 c3 Nf6, main lines with 5 d4 and 5 d3.} 8. h3 Ba7 9. Nf1 O-O {[%emt 0:09:29] The position is equal.} 10. Ng3 Be6 11. O-O Re8 12. Nh2 Qd7 13. Qf3 {[%emt 0:03:02][%cal Oc1h6] [#]} Nh7 $146 ({Predecessor:} 13... Bxb3 14. axb3 Nh7 15. Be3 Bxe3 16. fxe3 Re6 17. Ng4 Rf8 18. Nf5 h5 19. d4 Ng5 {0-1 (31) Popilski,G (2441)-Werle,J (2565) Groningen 2009}) 14. Ng4 Rad8 15. Nh5 {[%emt 0:06:20][%cal Og4h6] Black must now prevent Nxh6+!} (15. Nf5 $5 Kh8 16. Nge3 $11) 15... Bxb3 $4 (15... Kh8 $11 {and Black stays safe.}) 16. Qg3 $18 ({And not} 16. axb3 Re6 $11) 16... Kf8 {[%emt 0:07:47][%cal Of7f5] [#]} 17. axb3 $2 (17. Bxh6 $1 $18 {and the rest is easy.} gxh6 18. Ngf6) 17... Qe6 $16 18. Kh1 {[%emt 0:02:13] Threatens to win with f4.} Qg6 (18... g5 $16 {was called for.}) 19. Qh4 $18 Ng5 $2 (19... f6 $16) 20. f4 exf4 21. Nxf4 Qh7 22. Nd5 Qg6 23. Nxc7 Re7 24. Nd5 {[%emt 0:00:21] Rf5 is the strong threat.} Red7 (24... Rde8 $142 25. Nxh6 Qxh6 26. Nxe7 Nxe7 27. Bxg5 Qxh4 28. Bxh4 f6) 25. Nf4 Qh7 26. Nd5 (26. Bd2 $142) 26... Qg6 27. Rf5 {[%emt 0:00:49] White is clearly winning.} Ne6 28. Bd2 Ne7 29. Nxe7 Rxe7 30. Raf1 Rde8 31. R1f3 Bb6 {[%emt 0:00:54] [#]} 32. Nxh6 $1 gxh6 (32... Rd8 33. Ng8) 33. Bxh6+ Ng7 34. Rg5 {[%emt 0:00:31] Weighted Error Value: White=0.78/Black=0.82} 1-0

[Event "44th Chess Olympiad Women 2022"]
[Site "Chennai"]
[Date "2022.07.30"]
[Round "2.18"]
[White "Gomez Barrera, Javiera Belen"]
[Black "Blagojevic, Tijana"]
[Result "1/2-1/2"]
[ECO "C50"]
[WhiteElo "2210"]
[BlackElo "2330"]
[Annotator "TA"]
[PlyCount "60"]
[EventDate "2022.07.29"]
[EventType "team-tourn"]
[EventCountry "IND"]
[SourceTitle "playchess.com"]
[Source "ChessBase"]
[SourceQuality "1"]
[WhiteTeam "Chile"]
[BlackTeam "Serbia"]
[WhiteTeamCountry "CHI"]
[BlackTeamCountry "SRB"]
[TimeControl "40/5400+30:1800+30"]

1. e4 e5 2. Nf3 Nc6 3. Bc4 d6 4. a4 Be7 5. Nc3 Nf6 6. d3 {[%emt 0:00:09] C50: Hungarian Defence and Giuoco Pianissimo.} O-O 7. O-O h6 8. a5 {[%emt 0:02:42] White has an edge.} a6 9. Re1 Re8 10. h3 Bf8 11. Be3 Be6 {[%emt 0:02:06] [#]} 12. Bxe6 $146 ({Predecessor:} 12. Nd5 Bxd5 13. exd5 Ne7 14. c3 Qc8 15. Qb3 Nh5 16. Ra4 Ng6 17. Rb4 Nhf4 18. Bxf4 Nxf4 19. Rxb7 {0-1 (36) Movsesian,J (2310)-Krejci,J (2453) Pardubice 2009}) 12... Rxe6 13. Nd5 Nb8 14. c4 Nbd7 15. b4 c6 16. Bb6 Nxb6 17. Nxb6 Rb8 18. Qb3 Qe8 19. Rab1 Be7 20. b5 Bd8 21. bxa6 bxa6 22. Qa4 Re7 23. c5 dxc5 24. Qc4 Reb7 25. Qxc5 Bxb6 26. axb6 {[%emt 0:00:07] The position is equal.} ({Avoid the trap} 26. Rxb6 $2 Nd7 27. Qc3 Nxb6 $19) 26... Nd7 27. Qxc6 Rxb6 28. Rxb6 Rxb6 29. Qc7 Qe6 30. Ra1 Kh7 {[%emt 0:02:18] Weighted Error Value: White=0.05 (flawless) /Black=0.04 (flawless)} 1/2-1/2

[Event "44th Chess Olympiad Women 2022"]
[Site "Chennai"]
[Date "2022.07.30"]
[Round "2.18"]
[White "Reyes Jara, Paula"]
[Black "Velikic, Adela"]
[Result "0-1"]
[ECO "B13"]
[WhiteElo "1858"]
[BlackElo "2273"]
[Annotator "TA"]
[PlyCount "90"]
[EventDate "2022.07.29"]
[EventType "team-tourn"]
[EventCountry "IND"]
[SourceTitle "playchess.com"]
[Source "ChessBase"]
[SourceQuality "1"]
[WhiteTeam "Chile"]
[BlackTeam "Serbia"]
[WhiteTeamCountry "CHI"]
[BlackTeamCountry "SRB"]
[TimeControl "40/5400+30:1800+30"]

1. e4 c6 2. d4 d5 3. exd5 cxd5 4. Bd3 Nc6 5. c3 Nf6 6. Bf4 Bg4 7. f3 Bh5 8. Ne2 e6 {[%emt 0:01:11] B13: Caro-Kann: Exchange Variation and Panov-Botvinnik Attack.} 9. O-O Bg6 10. Ng3 Be7 {[%emt 0:06:01] Black has an edge.} 11. Re1 {[%emt 0:01:23] [#]} O-O $146 ({Predecessor:} 11... a6 12. Bxg6 hxg6 13. a4 Bd6 14. Bxd6 Qxd6 15. Nd2 Qf4 16. Ngf1 O-O 17. Nb3 Rfe8 {0-1 (101) Arzumanian,G (2448)-Eliseev,A (2439) Peterhof 2005}) 12. Bxg6 hxg6 13. Nd2 b5 14. Bg5 b4 15. f4 (15. Ne2 $15) 15... Rc8 16. Nf3 bxc3 17. bxc3 Na5 18. Rc1 Nc4 19. Ne5 Re8 20. Qd3 Ba3 21. Rc2 {[%emt 0:00:57][%cal Oe5g6] [#]} Qc7 $1 22. Bxf6 gxf6 23. Ng4 (23. Nxc4 $17 {is the only way for White.} Qxc4 24. Qd2) 23... Kg7 24. Ne2 Bd6 {[%emt 0:01:33] Active counter play!} 25. Rf1 Na3 26. Rcc1 ({Not} 26. Qh3 $2 Rh8 27. Qd3 Nxc2 28. Qxc2 g5 $19) 26... Rh8 27. g3 Qc4 28. Qd2 Qa4 29. Qd3 (29. Ne3 $17) 29... Qc4 30. Qd2 Qa6 31. Rf3 (31. Ne3 $142) 31... Nc4 $19 32. Qc2 (32. Qd3 $142) 32... Rb8 33. a4 Rb2 34. Qd1 Rd2 35. Qe1 Qxa4 36. Rf2 Rb8 37. Qf1 (37. Ne3 $142 Rdb2 38. Nxc4 Qxc4 39. Ra1) 37... f5 38. Ra1 Ra2 39. Rxa2 Qxa2 40. Nc1 Qa1 41. Ne5 Bxe5 42. fxe5 Rb1 {[%emt 0:03:42] Black mates.} 43. Rc2 Ne3 44. Qf4 Rxc1+ 45. Rxc1 Qxc1+ {[%emt 0:00:00] Weighted Error Value: White=0.53/Black=0.16 (very precise)} 0-1

[Event "44th Chess Olympiad Women 2022"]
[Site "Chennai"]
[Date "2022.07.30"]
[Round "2.19"]
[White "Lahav, Michal"]
[Black "Rovira Contreras, Tairu Manuela"]
[Result "1-0"]
[ECO "C69"]
[WhiteElo "2191"]
[BlackElo "2036"]
[Annotator "TA"]
[PlyCount "77"]
[EventDate "2022.07.29"]
[EventType "team-tourn"]
[EventCountry "IND"]
[SourceTitle "playchess.com"]
[Source "ChessBase"]
[SourceQuality "1"]
[WhiteTeam "Israel"]
[BlackTeam "Venezuela"]
[WhiteTeamCountry "ISR"]
[BlackTeamCountry "VEN"]
[TimeControl "40/5400+30:1800+30"]

1. e4 e5 2. Nf3 Nc6 3. Bb5 a6 4. Bxc6 dxc6 5. O-O f6 6. d4 exd4 7. Qxd4 Qxd4 8. Nxd4 c5 9. Nb3 {[%emt 0:01:40] C69: Ruy Lopez: Exchange Variation with 5 0-0 f6.} (9. Ne2 $11) 9... Be6 $15 10. Rd1 Bd6 {[%emt 0:05:38] Against Bf4} 11. Nc3 {[%emt 0:12:03] Black is slightly better.} O-O-O 12. Be3 b6 {[%emt 0:02:52] [#]} 13. Rd2 $146 ({Predecessor:} 13. a4 Ne7 14. a5 Kb7 15. f4 Nc6 16. axb6 cxb6 17. Nd5 Rhe8 {½-½ (17) Sevian,S (2373)-Matikozian,A (2429) Los Angeles 2013}) 13... f5 14. f4 Nh6 {[%emt 0:04:21] aiming for ...Ng4.} 15. e5 Be7 16. h3 {[%emt 0:01:04] Against Ng4} Nf7 17. Nc1 Rhg8 18. N1e2 h6 19. Kh2 g5 20. Rxd8+ Rxd8 21. g3 Rd7 22. Ng1 b5 (22... g4 $15) 23. a3 Rd8 24. Nf3 Rg8 25. Rd1 Rd8 26. Ra1 Rg8 27. Rb1 gxf4 28. gxf4 b4 29. axb4 cxb4 30. Nd4 Bc5 $2 {[%emt 0:01:57][%mdl 8192] [#]} (30... Nd8 $11 31. Nce2 Bh4) 31. Nxe6 $18 Bxe3 32. Nd5 {[%emt 0:01:12][%csl LRb4,LRc7,LRe3] Pair of Knights!} Kd7 33. Nxe3 (33. Nd4 $142 Bxd4 34. Nf6+ Ke7 35. Nxg8+ Kf8 36. Nf6 Nxe5 37. Nd5) 33... Kxe6 {[%emt 0:00:06][%mdl 4096] Endgame KRN-KRN} 34. Ra1 Ra8 35. Rg1 {[%emt 0:00:02] [#] Threatens to win with Rg6+.} Nh8 {[%emt 0:00:07] Inhibits Rg6+. Black cannot hold the game after this.} (35... Nxe5 $16 36. fxe5 a5) 36. Rg7 c6 (36... Rc8 $142 37. Kg2 c6) 37. Rc7 {[%emt 0:00:30] White is clearly winning.} Ng6 (37... c5 $142 38. Rxc5 Kd7 39. Rd5+ Kc6 40. Rd6+ Kc5 41. Nxf5 a5) 38. Rxc6+ Kf7 39. Nxf5 {[%emt 0:00:57] Weighted Error Value: White=0.14 (very precise) /Black=0.38} 1-0

[Event "44th Chess Olympiad Women 2022"]
[Site "Chennai"]
[Date "2022.07.30"]
[Round "2.19"]
[White "Otazo Sanchez, Annyd Gabriela"]
[Black "Klinova, Masha"]
[Result "1-0"]
[ECO "B07"]
[WhiteElo "1932"]
[BlackElo "2251"]
[Annotator "TA"]
[PlyCount "95"]
[EventDate "2022.07.29"]
[EventType "team-tourn"]
[EventCountry "IND"]
[SourceTitle "playchess.com"]
[Source "ChessBase"]
[SourceQuality "1"]
[WhiteTeam "Venezuela"]
[BlackTeam "Israel"]
[WhiteTeamCountry "VEN"]
[BlackTeamCountry "ISR"]
[TimeControl "40/5400+30:1800+30"]

1. e4 d6 2. d4 Nf6 3. Nc3 e5 4. dxe5 dxe5 5. Qxd8+ Kxd8 6. Bc4 Ke8 7. Nf3 Bd6 8. Bg5 Nbd7 9. O-O-O {[%emt 0:05:31] B07: Pirc Defence: Miscellaneous Systems.} a6 10. a4 $1 {[%emt 0:12:45] The main line 10.a4 scores better than 10.Rhe1.} h6 11. Bh4 {[%emt 0:08:00] White has an edge.} Nb6 12. Bxf6 gxf6 13. Bb3 Be6 14. Nh4 {[%emt 0:11:51] [#]} Bb4 $146 ({Predecessor:} 14... Bc5 15. Rhf1 Rg8 16. h3 h5 17. Rd3 c6 18. Ne2 Rd8 19. Rxd8+ Kxd8 20. Bxe6 fxe6 {½-½ (20) Luett,M (2082)-Kuhn,A (1946) Troisdorf 2013}) 15. Nf5 (15. Ne2 $11) 15... Bxf5 (15... Bxc3 $5 16. bxc3 Nd7 $15) 16. exf5 Bxc3 17. bxc3 Ke7 18. f4 (18. a5 $5 Nd7 19. Bxf7 $1 $14) 18... Rad8 19. fxe5 fxe5 20. f6+ Ke8 $2 {[%emt 0:04:09] Black is now going downhill.} (20... Kxf6 $11 {and Black stays safe.} 21. Rhf1+ Kg6) 21. Rxd8+ $18 Kxd8 22. Bxf7 {[%emt 0:00:16][%mdl 4096] Endgame Hoping for Rd1+. KRB-KRN} Nc8 23. Rd1+ Nd6 {[%emt 0:00:07] [#]} 24. Bd5 $1 Rf8 25. Bxb7 $1 Rxf6 26. Bxa6 Ke7 27. a5 Ne4 28. Bd3 Nxc3 29. Re1 Kd6 30. a6 {[%emt 0:00:27] Black must now prevent Rf1.} Rf8 31. Rf1 Rxf1+ (31... Ra8 32. Rf6+ Kc5) 32. Bxf1 {[%emt 0:00:05] KB-KN} Kc6 33. Kd2 Nd5 34. Kd3 {[%emt 0:02:27] Threatens to win with Ke4.} Nb4+ (34... Nf6 $142 35. Ke3 Kb6) 35. Kc3 (35. Ke4 $142 Kb6 36. g4) 35... Nd5+ 36. Kd3 $2 (36. Kd2) 36... Nb4+ $1 37. Ke4 Nxc2 38. Kxe5 Ne3 39. Be2 {[%emt 0:00:17] White wants to mate with g4.} Kb6 40. g4 {[%emt 0:02:03] h4 is the strong threat.} c5 41. h4 c4 42. Kd4 (42. Ke4 $142 Ng2 43. g5 hxg5 44. h5 Nf4 {[#]} 45. h6 $1 Ng6 46. Bxc4 g4 47. h7) 42... Ng2 43. h5 Kxa6 44. Bxc4+ {[%emt 0:00:00] White mates.} Kb6 45. Ke4 Kc5 46. Bf1 Nh4 47. Kf4 Kd6 48. Kg3 {[%emt 0:00:00] Weighted Error Value: White=0.47/Black=0.55} 1-0

[Event "44th Chess Olympiad Women 2022"]
[Site "Chennai"]
[Date "2022.07.30"]
[Round "2.19"]
[White "Perez Hernandez, Vicmary C."]
[Black "Levitan, Ronit"]
[Result "1/2-1/2"]
[ECO "C44"]
[WhiteElo "1862"]
[BlackElo "2084"]
[Annotator "TA"]
[PlyCount "89"]
[EventDate "2022.07.29"]
[EventType "team-tourn"]
[EventCountry "IND"]
[SourceTitle "playchess.com"]
[Source "ChessBase"]
[SourceQuality "1"]
[WhiteTeam "Venezuela"]
[BlackTeam "Israel"]
[WhiteTeamCountry "VEN"]
[BlackTeamCountry "ISR"]
[TimeControl "40/5400+30:1800+30"]

1. e4 e5 2. d4 exd4 3. Nf3 Nc6 4. Bc4 Bc5 5. O-O d6 6. c3 Bg4 {[%emt 0:01:00] 6...d3 is the fancy move.} 7. Qb3 Bxf3 8. Bxf7+ Kf8 {[%emt 0:00:07] aiming for ...Be2. C44: Ponziani Opening and Scotch Gambit.} 9. gxf3 Nf6 10. Bd5 Nxd5 {[%emt 0:01:18] Black is slightly better.} 11. Qxd5 Qf6 12. f4 {[%emt 0:12:42] [#] Inhibits Ne5.} Bb6 $146 ({Predecessor:} 12... Re8 13. e5 Qe6 14. Qxe6 Rxe6 15. b4 Bb6 16. b5 Ne7 17. exd6 cxd6 18. Bd2 Nf5 {0-1 (25) Slettebo,J (1920)-Sorensen,P (2030) Ballerup 2019}) 13. cxd4 (13. Kh1 $11) 13... Nxd4 (13... Nb4 $1 $17 14. e5 (14. Qxb7 $2 Qg6+ 15. Kh1 Kf7 $19) 14... Qg6+ 15. Qg2 Nc2) 14. Nc3 c6 15. Qh5 {[%emt 0:03:31] Inhibits Nf3+.} Qg6+ 16. Qxg6 hxg6 17. Kg2 Ke7 18. Bd2 Rh5 19. Rad1 Rah8 20. Rh1 Ne6 21. h3 Ba5 (21... Rh4 {with more complications.} 22. Ne2 g5 23. f5 Rxe4 24. Rhe1 Nc7) 22. Ne2 Bxd2 23. Rxd2 g5 24. f5 Nc7 25. Ng3 (25. Rhd1 $5 d5 26. Rd3 $11) 25... R5h6 26. Rd3 d5 27. e5 Kf7 {[%emt 0:00:18] [#] Prevents f6.} (27... Kd7 $11) 28. Rd4 (28. Ne4 $1 $16) 28... Rh4 29. Rg4 Rxg4 30. hxg4 Rxh1 31. Nxh1 $14 {[%emt 0:01:31][%mdl 4096] Endgame KN-KN} (31. Kxh1 $14 Na6 32. Ne2) 31... Na6 {[%emt 0:00:28] [#]} (31... Nb5 $1 $11 {remains equal.}) 32. Ng3 (32. f3 $1 $16) 32... Nb4 ({Better is} 32... Nc5 $11) 33. a3 ({White should try} 33. f4 $1 $14) 33... Nd3 $11 34. e6+ Ke7 35. b3 c5 36. f3 (36. Ne2 $11) 36... b5 37. Ne2 $1 d4 {[%emt 0:03:53] With the idea ...a5.} (37... a5 $5 ) 38. b4 $1 {[%emt 0:01:25] The position is equal.} cxb4 39. axb4 Nxb4 40. Nxd4 a6 41. Kf2 Nd5 42. Ke2 Kd6 43. Kd3 Ke5 44. Nc6+ Kd6 45. Nd4 {[%emt 0:00:00] Weighted Error Value: White=0.24 (precise) /Black=0.25 (precise)} 1/2-1/2